 Seeded DCSS version 0.31-a0-986-g5e6e4ef867 (webtiles) character file.

Game seed: 13785925082288972119 (custom seed)

1173 Tauromancer the Changeling (level 8, -3/72 HPs)
             Began as an Octopode Shapeshifter on Nov 22, 2023.
             Was a Follower of Qazlal.
             Succumbed to Duvessa's poison
             ... on level 5 of the Dungeon.
             The game lasted 00:09:55 (3150 turns).

Tauromancer the Changeling (Octopode Shapeshifter)  Turns: 3150, Time: 00:09:55

Health: -3/72      AC: 28    Str: 15    XL:     8   Next: 41%
Magic:  8/8        EV:  2    Int: 13    God:    Qazlal [*.....]
Gold:   226        SH:  1    Dex: 11    Spells: 7/7 levels left

rFire   . .          .
                       - Unarmed
rCold   . . .        (no shield)
rNeg    . . .        (helmet currently unavailable)
rPois   +            j - amulet "Ynwet" {Rampage Will+ Regen+}
rElec   .            i - +4 ring of protection
rCorr   .            (no ring)
SInv    .            (no ring)
Will    +....        (no ring)
Stlth   +++          (no ring)
HPRegen 1.12/turn    (no ring)
MPRegen 0.11/turn    (no ring)
                     (no ring)

%: rampage
@: lethally poisoned (-3 -> -20), tree-form, attractive
A: stationary, stasis, torment immunity, boosted hp, almost no armour,
(amphibious), 8 rings, (camouflage 1), (gelatinous body 1), (nimble swimmer 1),
(tentacles)
a: Renounce Religion


You were on level 5 of the Dungeon.
You worshipped Qazlal.
Qazlal was aware of your devotion.
You were a tree.
You visited 1 branch of the dungeon, and saw 5 of its levels.

You collected 226 gold pieces.

Inventory:

Jewellery
 i - a +4 ring of protection (left branch)
 j - the amulet "Ynwet" (around neck) {Rampage Will+ Regen+}
   (You found it on level 2 of the Dungeon)

   [amulet of regeneration]

   Will+:     It increases your willpower.
   Regen+:    It increases your rate of health regeneration.
   Rampage:   It bestows one free step when moving towards enemies.
Talismans
 b - a beast talisman (active)
 c - a flux talisman
 q - a talisman of death
Wands
 n - a wand of flame (33)
 p - a wand of roots (10)
Scrolls
 e - 2 scrolls of teleportation
 h - a scroll of revelation
 k - a scroll of enchant weapon
 m - a scroll of poison
Potions
 f - a potion of mutation {unknown}
 l - a potion of resistance
 o - a potion of enlightenment


   Skills:
 - Level 1.2 Fighting
 - Level 2.1 Dodging
 + Level 7.8 Stealth
 - Level 3.1 Unarmed Combat
 * Level 7.8 Shapeshifting


You had 7 spell levels left.
You didn't know any spells.
Your spell library contained the following spells:

 Spells                   Type           Power      Damage    Failure   Level
 Ozocubu's Armour         Ice            0%         N/A       67%         3
 Ozocubu's Refrigeration  Ice            0%         4d7       100%        7


Dungeon Overview and Level Annotations

Branches:
Dungeon (5/15)             Temple (0/1) D:4

Altars:
Hepliaklqana
Qazlal
The Shining One

Shops:
D:1 (

Annotations:
D:5 Duvessa


Innate Abilities, Weirdness & Mutations

You are a tree.
Your roots penetrate the ground, keeping you stationary.
You cannot be teleported.
You are immune to unholy pain and torment.
Your maximum health is greatly increased.
You cannot wear most types of armour.
((You are amphibious.))
You can wear up to eight rings at the same time.
((Your skin changes colour to match your surroundings (Stealth+).))
((Your rubbery body absorbs attacks. (AC +1, EV +1)))
((You are camouflaged when in or above water. (Stealth+)))
((You have tentacles for arms and can constrict up to eight enemies at once.))


Message History

You are poisoned.
You feel sick.
Aiming: Fastroot
Press: ? - help, Shift-Dir - straight line, f/p - Duvessa
Aim: Duvessa, wielding a +0 short sword of venom and wearing a +0 chain mail (berserk)
The roots erupt in riotous growth!
Roots grab Duvessa.
The grasping roots constrict Duvessa.
You feel sick. Duvessa barely misses you.
Duvessa hits you with a +0 short sword of venom!
The grasping roots constrict Duvessa.
You feel sick.
Duvessa escapes!
Duvessa attacks as she pursues you!
Duvessa hits you with a +0 short sword of venom!
You are more poisoned.
You tentacle-slap Duvessa but do no damage.
Your grab misses Duvessa. You squeeze Duvessa!
Duvessa is lightly wounded.
You feel very sick. Duvessa completely misses you.
Duvessa hits you with a +0 short sword of venom!
You are lethally poisoned!
You are too injured to fight recklessly!
It was a potion of attraction.
You feel attractive to monsters.
* * * LOW HITPOINT WARNING * * *
You feel very sick.
Duvessa hits you with a +0 short sword of venom.
* * * LOW HITPOINT WARNING * * *
You are more poisoned.
Your transformation has ended.
You turn into a tree.
Your roots penetrate the ground.
* * * LOW HITPOINT WARNING * * *
You feel extremely sick.
Duvessa hits you with a +0 short sword of venom.
* * * LOW HITPOINT WARNING * * *
Duvessa hits you but does no damage.
Okay, then.
Okay, then.
As you read the scroll labelled KOGYAFFOUV, it crumbles to dust.
You feel a strange sense of stasis.
It was a scroll of teleportation.
You die...

#..
#...#.#..#.....
#..
+...+.#..##....
+..
###+###+..+.....
.. .. #..##....
.#. #..######
#)# +### #'# #e#
#♣# ######
#.######....#
#........##.#
#######...#.#
########....#.#
............#.#
#########...#.#
#.....##.#.#
#.###.##.#.#


You could see Duvessa (berserk).

Vanquished Creatures
  Pikel (D:4)
  Sigmund (D:4)
  A water moccasin (D:5)
  A phantom (D:3)
  A lemure (D:4)
  A scorpion (D:4)
  Dowan (D:5)
  An orc priest (D:4)
  2 iguanas
  5 adders
  3 gnolls (D:5)
  A worm (D:4)
  2 dart slugs
  10 orcs
  12 ball pythons
  4 bats
  5 endoplasms
  8 giant cockroaches
  8 hobgoblins
  3 jackals (D:1)
  5 quokkas
  5 goblins
  4 kobolds
  5 rats
90 creatures vanquished.

Notes
Turn   | Place    | Note
-------+----------+-------------------------------------------
     0 | D:1      | Tauromancer the Octopode Shapeshifter began the quest for
                  | the Orb.
     0 | D:1      | Reached XP level 1. HP: 13/13 MP: 1/1
    50 | D:1      | Found Lilae's Weapon Boutique.
    67 | D:1      | Reached XP level 2. HP: 17/18 MP: 2/2
   102 | D:1      | Reached skill level 1 in Stealth
   235 | D:1      | Reached XP level 3. HP: 23/23 MP: 3/3
   858 | D:2      | Reached XP level 4. HP: 21/28 MP: 4/4
   998 | D:2      | Identified the amulet "Ynwet" {Rampage Will+ Regen+}
  1807 | D:3      | Found a stormy altar of Qazlal.
  1815 | D:3      | Became a worshipper of Qazlal Stormbringer
  1818 | D:3      | Noticed a phantom
  1829 | D:3      | Killed a phantom
  1830 | D:3      | Reached XP level 5. HP: 33/33 MP: 5/5
  1931 | D:3      | Found a hazy altar of Hepliaklqana.
  2324 | D:4      | Reached skill level 5 in Shapeshifting
  2360 | D:4      | Noticed Sigmund
  2369 | D:4      | Killed Sigmund
  2370 | D:4      | Reached skill level 5 in Stealth
  2370 | D:4      | Reached XP level 6. HP: 36/38 MP: 6/6
  2479 | D:4      | Reached XP level 7. HP: 42/43 MP: 7/7
  2546 | D:4      | Noticed Pikel
  2548 | D:4      | Found a staircase to the Ecumenical Temple.
  2557 | D:4      | Killed Pikel
  2557 | D:4      | Reached * piety under Qazlal
  2558 | D:4      | Reached XP level 8. HP: 16/48 MP: 8/8
  2595 | D:4      | Identified the +4 long sword of the Powerful God {freeze,
                  | rElec Str-5 Dex+2 Stlth+}
  2780 | D:5      | Entered Level 5 of the Dungeon
  3020 | D:5      | Found a glowing golden altar of the Shining One.
  3139 | D:5      | Noticed Duvessa
  3139 | D:5      | Noticed Dowan
  3143 | D:5      | Killed Dowan
  3149 | D:5      | HP: 3/72 [poisoned by Duvessa]
  3150 | D:5      | Succumbed to Duvessa's poison

Illustrated notes

Levels and vault maps discovered:
D:1:      minmay_arrival_nine_rooms, layout_rooms, serial_shops, shop,
          grunt_decor_mini_mirrors
D:2:      layout_loops_ring
D:3:      layout_basic, worldfamousw_hep_ancestral_shrine,
          grunt_qazlal_sundering
D:4:      layout_rooms, minmay_temple_entry_junction, serial_bayou_lake_a,
          uniq_pikel, uniq_sigmund
D:5:      layout_basic, nicolae_dithmenos_through_a_glass_darkly,
          lemuel_doored_altar, mainiacjoe_overflow_24_doors,
          gammafunk_ghost_cemetery, kennysheep_generic_room_16, uniq_duvessa,
          uniq_blork_the_orc, uniq_crazy_yiuf_cottage

Skill      XL: |  1  2  3  4  5  6  7 |
---------------+----------------------+-----
Stealth        | 1 2 3 5 7 |  7.8
Shapeshifting  | 4 5 7 |  7.8
Fighting       | |  1.2
Dodging        | |  2.1
Unarmed Combat | |  3.1

Action                     |  1- 3 |  4- 6 |  7- 9 || total
---------------------------+-------+-------+-------++-------
  Melee: Unarmed           |    67 |    71 |    55 ||   193
         Constrict         |    21 |    15 |    14 ||    50
         Tentacles         |    14 |    12 |    16 ||    42
         Punch             |     1 |     2 |     6 ||     9
  Evoke: Wand              |       |       |     2 ||     2
    Use: Scroll            |     2 |     2 |     6 ||    10
         Potion            |       |     4 |     3 ||     7
   Stab: Sleeping          |    12 |    14 |     1 ||    27
         Distracted        |       |     1 |       ||     1
 Armour: Skin              |    22 |    21 |    25 ||    68
  Dodge: Dodged            |    47 |    29 |    24 ||   100
   Form: Beast             |     1 |       |       ||     1

Table legend: (Time is in decaauts)
 A = Elapsed time spent in this place.
 B = Non-inter-level travel time spent in this place.
 C = Inter-level travel time spent in this place.
 D = Time resting spent in this place.
 E = Time spent auto-exploring this place.
 F = Levels seen in this place.
 G = Mean time per level.
                   A        B        C        D        E       F      G
               +--------+--------+--------+--------+--------+-----+--------+
         Total |   3157 |   3037 |    120 |    123 |   2315 |   5 |  631.4 |
       Dungeon |   3157 |   3037 |    120 |    123 |   2315 |   5 |  631.4 |
               +--------+--------+--------+--------+--------+-----+--------+

Top non-repeatable levels by time:
     D:3: 875 daAuts
     D:2: 727 daAuts
     D:1: 641 daAuts
     D:4: 544 daAuts
     D:5: 368 daAuts
